 Dungeon Crawl Stone Soup version 0.17-a0-1849-g8a24fa2 (webtiles) character file.

175 HiobMontag the Magician (level 5, -5/46 HPs)
             Began as a Troll Wizard on Sept 18, 2015.
             Was a Follower of Ashenzari.
             Slain by Grinder (9 damage)
             ... while paralysed by Grinder
             ... on level 3 of the Dungeon.
             The game lasted 00:30:17 (3757 turns).

HiobMontag the Magician (Troll Wizard)              Turns: 3757, Time: 00:30:18

Health: -5/46      AC:  6    Str: 20    XL:     5   Next: 29%
Magic:  0/8        EV:  1    Int: 19    God:    Ashenzari [*.....]
Gold:   91         SH:  0    Dex:  8    Spells: 3 memorised, 4 levels left

rFire  . . .     SeeInvis .     x - +0 mace (curse)
rCold  . . .     Clarity  .     a - +0 robe
rNeg   . . .     SustAt   .     (no shield)
rPois  .         Gourm    +     b - +0 hat (curse)
rElec  .         Spirit   .     i - +0 cloak (curse)
rCorr  .         Warding  .     (gloves unavailable)
rMut   .         Stasis   .     (boots unavailable)
MR     .....                    y - amulet of the gourmand
Stlth  +.........               l - +4 ring of intelligence
                                m - ring of flight

@: paralysed, mighty, not resistant to hostile enchantments, very unstealthy
A: unfitting armour, claws 3, fast metabolism 3, gourmand, regeneration 2,
shaggy fur 1, tough skin 2
a: Scrying, Renounce Religion, Evoke Flight


You were on level 3 of the Dungeon.
You worshipped Ashenzari.
Ashenzari was aware of your devotion.
You were full.

You visited 1 branch of the dungeon, and saw 4 of its levels.

You collected 91 gold pieces.

Inventory:

Hand weapons
 p - a +0 spear (quivered)
 x - a cursed +0 mace (weapon)
Missiles
 k - 66 stones
 w - 11 tomahawks
Armour
 a - a +0 robe (worn)
 b - a cursed +0 hat (worn)
 i - a cursed +0 cloak (worn)
Jewellery
 l - a +4 ring of intelligence (right claw)
 m - a ring of flight (left claw)
 y - an amulet of the gourmand (around neck)
Scrolls
 g - 5 scrolls of identify
 j - a scroll of remove curse
 n - 3 scrolls of curse armour
 s - a scroll of curse weapon
 v - a scroll of blinking
Potions
 r - a potion of poison {unknown}
 u - a potion of haste {unknown}
Books
 c - a book of Minor Magic

   Spells                             Type                      Level
   a - Magic Dart                     Conjuration                  1
   b - Blink                          Translocation                2
   c - Call Imp                       Summoning                    2
   d - Repel Missiles                 Charms/Air                   2
   e - Slow                           Hexes                        2
   f - Conjure Flame                  Conjuration/Fire             3
   g - Mephitic Cloud                 Conjuration/Poison/Air       3
Comestibles
 d - 4 bread rations
 h - 12 fruits
 o - a slice of pizza
 t - a beef jerky
 z - 5 chunks of flesh


   Skills:
 + Level 0.7 Fighting
 + Level 0.1 Maces & Flails
 + Level 2.4 Dodging
 + Level 1.4 Stealth
 + Level 0.4 Unarmed Combat
 + Level 2.8 Spellcasting
 + Level 1.4 Conjurations
 + Level 1.1 Summonings
 + Level 0.7 Translocations


You had 4 spell levels left.
You knew the following spells:

 Your Spells              Type           Power        Failure   Level  Hunger
a - Magic Dart            Conj           #...         10%         1    None
b - Blink                 Tloc           N/A          21%         2    ##.....
c - Call Imp              Summ           #.......     17%         2    ##.....


Dungeon Overview and Level Annotations

Branches:
Dungeon (4/15)
 Temple: D:4-7

Altars:
Ashenzari
Elyvilon
Vehumet
The Shining One

Annotations:
D:3 Grinder


Innate Abilities, Weirdness & Mutations

You are too large for most types of armour.
You have claws for hands.
Your metabolism is lightning-fast.
You like to eat raw meat.
You heal very quickly.
You are covered in fur (AC +1).
You have very tough skin (AC +2).


Message History

Grinder hits you!
* * * LOW HITPOINT WARNING * * *
You writhe in agony.
* * * LOW HITPOINT WARNING * * *
You can move again.
Casting: Magic Dart
Confirm with . or Enter, or press ? or * to list all spells.
Aiming: Magic Dart
Press: ? - help, Shift-Dir - straight line, f/p - Grinder
Aim: Grinder (severely wounded)
The magic dart hits Grinder.
Grinder is severely wounded.
Grinder hits you.
* * * LOW HITPOINT WARNING * * *
You closely miss Grinder.
Grinder is severely wounded.
Grinder says, "There's only one good use for a tongue: cutting it out."
Grinder gestures at you.
You suddenly lose the ability to move!
Grinder hits you!
You die...

#.# #........######.....
#.# #........# #..... #.#
#.>......# ###..... #.#
##)...>..# ##.#..... #.#
##.##.##.###........ #.#
##..##.##..#.........
#.###..###.###.#.#.......
#.##..####.###...##..####
#.##...5@........##..# #
#.##.##......###.##..# #
#.##.#####.#..##..#..# ##
#....# #.##.###....# #.
###### #.##........###.
##......#........
####...#######..###.
########....>## #......
##........###..# #..#...


You could see Grinder.

Vanquished Creatures
  An orc wizard (D:4)
  4 adders
  A giant gecko (D:2)
  7 orcs
  A ball python (D:2)
  8 bats
  5 giant cockroaches
  5 hobgoblins
  4 jackals
  4 giant newts
  5 goblins (D:1)
  7 kobolds
  3 rats
55 creatures vanquished.

Vanquished Creatures (collateral kills)
  An orc priest (D:4)
  A hound (D:3)
  A gnoll (D:1)
  A worm (D:1)
  3 orcs (D:4)
  A giant cockroach (D:2)
  3 jackals (D:2)
  A giant gecko (D:4)
  A kobold (D:1)
13 creatures vanquished.

Grand Total: 68 creatures vanquished

Notes
Turn   | Place    | Note
--------------------------------------------------------------
     0 | D:1      | HiobMontag the Troll Wizard began the quest for the Orb.
     0 | D:1      | Reached XP level 1. HP: 16/16 MP: 2/2
   339 | D:1      | Reached XP level 2. HP: 24/24 MP: 0/4
   353 | D:1      | Learned a level 2 spell: Blink
   356 | D:1      | Learned a level 2 spell: Call Imp
  1221 | D:1      | Reached XP level 3. HP: 31/31 MP: 0/5
  1563 | D:2      | Found a white marble altar of Elyvilon.
  1565 | D:2      | Found a glowing golden altar of the Shining One.
  1570 | D:2      | Found a radiant altar of Vehumet.
  1590 | D:2      | Found a faded altar to an unknown god.
  1661 | D:2      | Became a worshipper of Ashenzari the Shackled
  1661 | D:2      | Acquired Ashenzari's first power
  2417 | D:2      | Reached skill level 1 in Conjurations
  2754 | D:3      | Reached XP level 4. HP: 36/39 MP: 0/6
  3177 | D:4      | Noticed Grinder
  3368 | D:4      | Reached XP level 5. HP: 34/46 MP: 1/8
  3476 | D:4      | Reached skill level 1 in Summonings
  3703 | D:4      | Paralysed by Grinder for 7 turns
  3751 | D:3      | Paralysed by Grinder for 5 turns
  3757 | D:3      | Paralysed by Grinder for 7 turns
  3757 | D:3      | Slain by Grinder

Vault maps used:
D:1:      onia_arrival_mini_maze_b, hangedman_decor_lopped
D:2:      minitemple, ecumenical_altar_1
D:3:      dk_vineyard_3
D:4:      first_bread, abandoned_shop, uniq_grinder, uniq_blork_the_orc

Action                   |  1- 3 |  4- 6 || total
-------------------------+-------+-------++-------
Melee: Unarmed           |    35 |       ||    35
       Whip              |    67 |       ||    67
       Club              |     5 |       ||     5
       Mace              |       |    40 ||    40
 Cast: Magic Dart        |    81 |    36 ||   117
       Call Imp          |     6 |    11 ||    17
       Blink             |     1 |     1 ||     2
  Use: Scroll            |     8 |     2 ||    10
       Potion            |       |     4 ||     4
  Eat: Chunk             |    19 |    15 ||    34
       Meat ration       |     1 |       ||     1
